 Dungeon Crawl Stone Soup version 0.20.1-1-g8b1a95d (console) character file.

144 hilaritas the Chiller (level 5, -6/28 HPs)
             Began as a Deep Elf Ice Elementalist on Oct 1, 2017.
             Mangled by a wight
             ... wielding a +4 great sword of freezing
              (11 damage)
             ... on level 4 of the Dungeon.
             The game lasted 00:08:39 (3717 turns).

hilaritas the Chiller (Deep Elf Ice Elementalist)   Turns: 3717, Time: 00:08:40

Health: -6/28      AC:  9    Str:  3 (6)  XL:     5   Next: 5%
Magic:  13/14      EV: 11    Int: 18 (20) God:
Gold:   134        SH:  0    Dex: 12 (15) Spells: 0/14 levels left

rFire    . . .     SeeInvis .   m - +1 dagger
rCold    . . .     Gourm    .   (no shield)
rNeg     . . .     Faith    .   a - +0 robe
rPois    .         Spirit   .   (no helmet)
rElec    .         Reflect  .   q - +0 cloak
rCorr    .         Harm     .   d - +0 pair of gloves
MR       .....                  (no boots)
Stlth    +++.......             (no amulet)
Regen    0.1/turn               j - ring of stealth
MPRegen  0.2/turn               (no ring)

@: icy armour, heavily drained, slow
A: no striking features
a: no special abilities


You were on level 4 of the Dungeon.
You were not hungry.

You visited 1 branch of the dungeon, and saw 4 of its levels.

You collected 134 gold pieces.

Inventory:

Hand Weapons
 m - a +1 dagger (weapon)
Missiles
 g - 81 arrows
Armour
 a - a +0 robe (worn)
 d - a +0 pair of gloves (worn)
 q - a +0 cloak (worn)
Jewellery
 j - a ring of stealth (left hand)
Scrolls
 k - a scroll of remove curse
 l - a scroll of enchant weapon
 n - a scroll of amnesia
 o - a scroll of identify
Books
 b - a book of Frost

   Spells                             Type                      Level
   a - Freeze                         Ice                          1
   b - Throw Frost                    Conjuration/Ice              2
   c - Ozocubu's Armour               Charms/Ice                   3
   d - Throw Icicle                   Conjuration/Ice              4
   e - Summon Ice Beast               Ice/Summoning                4
Comestibles
 c - 4 bread rations
 f - a chunk of flesh
 i - 3 meat rations


   Skills:
 - Level 2.4(1.0) Dodging
 - Level 2.4(1.0) Stealth
 * Level 5.0(3.5) Spellcasting
 - Level 2.0(0.6) Conjurations
 - Level 5.0(3.5) Ice Magic


You couldn't memorise any spells.
You knew the following spells:

 Your Spells              Type           Power        Failure   Level  Hunger
a - Freeze                Ice            ###.         3%          1    None
b - Throw Frost           Conj/Ice       ##....       10%         2    ##.....
c - Ozocubu's Armour      Chrm/Ice       #.......     22%         3    ###....
d - Throw Icicle          Conj/Ice       ##......     54%         4    ####...
e - Summon Ice Beast      Ice/Summ       #.......     58%         4    ####...


Dungeon Overview and Level Annotations

Branches:
Dungeon (4/15)
 Temple: D:4-7

Altars:
Ashenzari
Fedhas
Ru
Yredelemnul

Annotations:
D:4 flestrin's ghost, amateur DEFE


Message History

You feel drained. The wight freezes you.
Casting: Ozocubu's Armour
Confirm with . or Enter, or press ? or * to list all spells.
Aiming: Freeze
Press: ? - help, Shift-Dir - straight line, f - wight
Aim: a wight, wielding a great sword of freezing and wearing a robe You freeze the wight.
The wight completely resists.
The wight hits you with a great sword of freezing.
You feel drained. The wight freezes you.
* * * LOW HITPOINT WARNING * * *
The wight hits you with a great sword of freezing.
* * * LOW HITPOINT WARNING * * *
The wight freezes you.
* * * LOW HITPOINT WARNING * * *
You aren't carrying any potions.
Found 9 gold pieces.
Found an escape hatch in the floor.
Found a scroll of identify.
The wight hits you with a great sword of freezing!
You die...

## #.# #########
#$#######@..?...#
#.#....z....#...
## #..####.##.#
#.# ##.# #.# ..
#.## ##.## #.#
..# ##.###.## #.#
.# #...#.## #.. .
###....## ###
#.......#
#.......#
#.......#


You could see a wight.

Vanquished Creatures
  Crazy Yiuf (D:2)
  3 adders (D:2)
  4 worms
  3 dart slugs
  A leopard gecko (D:3)
  4 ball pythons
  3 giant cockroaches
  6 goblins
  5 hobgoblins
  8 jackals
  8 kobolds
  4 quokkas (D:2)
  6 bats
  5 frilled lizards
  7 rats
68 creatures vanquished.

Notes
Turn   | Place    | Note
-------+----------+-------------------------------------------
     0 | D:1      | hilaritas the Deep Elf Ice Elementalist began the quest for the Orb.
     0 | D:1      | Reached XP level 1. HP: 10/10 MP: 6/6
    66 | D:1      | Reached XP level 2. HP: 8/15 MP: 0/8
   210 | D:1      | Learned a level 2 spell: Throw Frost
  1045 | D:1      | Reached XP level 3. HP: 16/19 MP: 6/9
  1225 | D:1      | Learned a level 3 spell: Ozocubu's Armour
  1732 | D:2      | Reached skill level 5 in Ice Magic
  1871 | D:2      | Reached XP level 4. HP: 22/24 MP: 8/10
  2357 | D:2      | Learned a level 4 spell: Throw Icicle
  2394 | D:2      | Found a runed door.
  2535 | D:2      | Found a basalt altar of Yredelemnul.
  2653 | D:2      | Noticed Crazy Yiuf
  2659 | D:2      | Killed Crazy Yiuf
  2857 | D:3      | Found a shattered altar of Ashenzari.
  3272 | D:4      | Noticed flestrin's ghost (amateur DEFE)
  3323 | D:3      | Found a blossoming altar of Fedhas.
  3367 | D:3      | Reached XP level 5. HP: 28/28 MP: 7/14
  3368 | D:3      | Reached skill level 5 in Spellcasting
  3471 | D:3      | Learned a level 4 spell: Summon Ice Beast
  3473 | D:3      | Found a sacrificial altar of Ru.
  3717 | D:4      | Mangled by a wight

Skill      XL: |  1  2  3  4  5 |
---------------+----------------+-----
Ice Magic      | 4 5 |  5.0
Conjurations   | 2 |  2.0
Spellcasting   | 4 5 |  5.0
Dodging        | |  2.4
Stealth        | |  2.4

Action                   |  1- 3 |  4- 6 || total
-------------------------+-------+-------++-------
Melee: Unarmed           |    15 |       ||    15
       Dagger            |     2 |       ||     2
 Cast: Freeze            |    64 |    60 ||   124
       Ozocubu's Armour  |       |     4 ||     4
       Throw Frost       |       |     2 ||     2
  Use: Scroll            |       |     4 ||     4
       Potion            |       |     3 ||     3
  Eat: Chunk             |     3 |     3 ||     6
       Bread ration      |       |     1 ||     1
Armor: Robe              |    14 |     9 ||    23
Dodge: Dodged            |    47 |    41 ||    88
